 Dungeon Crawl Stone Soup version 0.17-a0-1435-geafbe2f (webtiles) character file.

502 pulse the Chopper (level 7, -13/52 HPs)
             Began as a Formicid Fighter on June 26, 2015.
             Killed from afar by a gnoll sergeant (17 damage)
             ... with an exploding inner flame
             ... hexed by the player character
             ... on level 4 of the Dungeon.
             The game lasted 00:09:58 (3206 turns).

pulse the Chopper (Formicid Fighter)                Turns: 3206, Time: 00:09:59

Health: -13/52     AC:  8    Str: 23    XL:     7   Next: 40%
Magic:  7/7        EV:  8    Int:  7    God:
Gold:   181        SH:  9    Dex: 10    Spells: 0 memorised, 6 levels left

rFire  + . .     SeeInvis +     a - +1 war axe
rCold  x . .     Clarity  .     b - +0 scale mail
rNeg   . . .     SustAt   .     c - +0 shield
rPois  .         Gourm    .     (helmet unavailable)
rElec  .         Spirit   .     (no cloak)
rCorr  .         Warding  .     g - +0 pair of gloves
rMut   .         Stasis   +     (no boots)
MR     .....                    (no amulet)
Stlth  ..........               (no ring)
                                r - ring of fire

@: not resistant to hostile enchantments, extremely unstealthy
A: permanent stasis, dig shafts and tunnels, four strong arms, antennae 3
a: Dig, Shaft Self


You were on level 4 of the Dungeon.
You were not hungry.

You visited 1 branch of the dungeon, and saw 5 of its levels.

You collected 181 gold pieces.

Inventory:

Hand weapons
 a - a +1 war axe (weapon)
Armour
 b - a +0 scale mail (worn)
 c - a +0 shield (worn)
 g - a +0 pair of gloves (worn)
Jewellery
 r - a ring of fire (left hand)
Scrolls
 i - a scroll of remove curse
 m - 4 scrolls of identify
 n - a scroll of magic mapping
Potions
 j - 2 potions of curing
 l - a potion of brilliance
 p - a potion of heal wounds
Books
 h - a Fen Folio

   Spells                             Type                      Level
   a - Corpse Rot                     Necromancy                   2
   b - Stone Arrow                    Conjuration/Earth            3
   c - Leda's Liquefaction            Hexes/Earth                  4
   d - Summon Forest                  Summoning/Translocation      5
   e - Hydra Form                     Transmutation                6
   f - Summon Hydra                   Summoning                    7
Comestibles
 e - 2 bread rations
 k - a beef jerky
 o - 8 fruits
 q - 2 meat rations


   Skills:
 + Level 3.3 Fighting
 * Level 7.5 Axes
 + Level 3.3 Armour
 + Level 3.6 Shields


You had 6 spell levels left.
You didn't know any spells.

Dungeon Overview and Level Annotations

Branches:
Dungeon (5/15)
 Temple: D:4-7

Altars:
Makhleb
Nemelex Xobeh


Innate Abilities, Weirdness & Mutations

You are under a permanent stasis effect.
You can dig through walls and to a lower floor.
Your four strong arms can wield two-handed weapons with a shield.
You have a pair of large antennae on your head (SInv).


Message History

The gnoll is severely wounded.
You slash the gnoll!
The gnoll is almost dead.
You hit the gnoll.
The gnoll is lightly wounded.
The gnoll barely misses you. You block the gnoll sergeant's attack.
The gnoll barely misses you. You block the gnoll's attack.
You slash the gnoll!
The gnoll explodes!
The fiery explosion engulfs the gnoll.
The gnoll explodes!
The fiery explosion engulfs you! You resist.
The fiery explosion engulfs the gnoll.
The gnoll explodes!
The fiery explosion engulfs you! You resist.
* * * LOW HITPOINT WARNING * * *
The fiery explosion engulfs the gnoll sergeant.
The gnoll sergeant explodes!
The fiery explosion engulfs you! You resist.
You die...

##...###....#...###..##...###
#.### #.##.............### ##
##.# ###.######.###..#.## #.
#..###...#
#.####....########.
#^##...###
#..####............ ..##...#
#.....#..#.#######. .###...#
#§.§§...##...)####. ########
#§§§§.######)...... .......##
#§@§§.# #>....#. ######..###
####### #.....## ##...###
#.....# ###...####### #.....#
###.......## #.....#
###......# #.....# ##....##
####### ######


There were no monsters in sight!

Vanquished Creatures
  The ghost of panicbit the Covered, an average MiFi (D:3)
  An ogre (D:4)
  Ijyb (D:2)
  A hound (D:4)
  2 worker ants (D:4)
  8 adders
  A gnoll (D:4)
  An ooze (D:3)
  A worm (D:4)
  A giant gecko (D:3)
  A bat skeleton (D:4)
  6 giant cockroaches
  16 goblins
  10 hobgoblins
  6 jackals (D:4)
  4 quokkas
  9 bats
  4 giant newts
  13 kobolds
  9 rats
96 creatures vanquished.

Notes
Turn   | Place    | Note
--------------------------------------------------------------
     0 | D:1      | pulse the Formicid Fighter began the quest for the Orb.
     0 | D:1      | Reached XP level 1. HP: 18/18 MP: 1/1
    67 | D:1      | Reached XP level 2. HP: 13/24 MP: 2/2
   438 | D:1      | Reached XP level 3. HP: 26/29 MP: 3/3
   878 | D:2      | You fall through a shaft for 2 floors!
   931 | D:4      | Noticed an ogre
  1040 | D:3      | Reached XP level 4. HP: 35/35 MP: 4/4
  1046 | D:3      | Found a sparkling altar of Nemelex Xobeh.
  1058 | D:3      | Reached skill level 4 in Axes
  1117 | D:3      | Noticed panicbit's ghost (average MiFi)
  1127 | D:3      | Killed panicbit's ghost
  1127 | D:3      | Reached skill level 5 in Axes
  1127 | D:3      | Reached XP level 5. HP: 9/41 MP: 5/5
  1127 | D:3      | Reached XP level 6. HP: 10/47 MP: 6/6
  1880 | D:2      | Noticed Ijyb
  1900 | D:2      | Reached skill level 6 in Axes
  1942 | D:2      | Killed Ijyb
  2279 | D:3      | Found a burning altar of Makhleb.
  2497 | D:4      | Killed an ogre
  2497 | D:4      | Reached XP level 7. HP: 30/52 MP: 7/7
  2517 | D:4      | Reached skill level 7 in Axes
  2993 | D:4      | Found a burning altar of Makhleb.
  3190 | D:5      | Entered Level 5 of the Dungeon
  3206 | D:4      | Killed from afar by a gnoll sergeant

Vault maps used:
D:1:      dpeg_arrival_rooms_c
D:2:      kennysheep_the_goblin_king
D:3:      lemuel_doored_altar, bloody_makhleb
D:4:      nicolae_overflow_crystal_walls, first_bread
D:5:      uniq_edmund

Action                   |  1- 3 |  4- 6 |  7- 9 || total
-------------------------+-------+-------+-------++-------
Melee: War axe           |   107 |   104 |    63 ||   274
  Use: Potion            |       |     2 |       ||     2
       Scroll            |       |    12 |     1 ||    13
  Eat: Chunk             |     1 |     3 |     1 ||     5
       Royal jelly       |       |     1 |       ||     1
       Pizza             |       |       |     1 ||     1
